 Dungeon Crawl Stone Soup version 0.21.1-1-g345015fe64 (webtiles) character file.

268686 Loge the Brawler (level 19, -2/209 HPs)
             Began as a Troll Monk on July 12, 2018.
             Was the Champion of Ru.
             Killed from afar by a deep elf knight (25 damage)
             ... with a stone arrow
             ... on level 2 of the Vaults on July 13, 2018.
             The game lasted 03:58:52 (47352 turns).

Loge the Brawler (Troll Monk)                      Turns: 47352, Time: 03:58:53

Health: -2/209     AC: 22    Str: 24    XL:     19   Next: 38%
Magic:  18/18      EV: 15    Int:  4    God:    Ru [******]
Gold:   1689       SH:  0    Dex: 18    Spells: 18/18 levels left

rFire    . . .     SeeInvis +     - Unarmed
rCold    . . .     Gourm    +   (shield unavailable)
rNeg     + . .     Faith    .   R - +0 shadow dragon scales
rPois    .         Spirit   .   d - +0 mask of the Dragon {MR+ Slay+3 SInv}
rElec    .         Reflect  .   N - +2 cloak
rCorr    .         Harm     .   (gloves unavailable)
MR       ++...                  (boots unavailable)
Stlth    +++.......             r - amulet of rage
HPRegen  0.84/turn              (ring unavailable)
MPRegen  0.16/turn              C - ring of positive energy

@: drained
A: large, unfitting armour, claws 3, dopey 1, fast metabolism 3, gourmand,
regeneration 1, shaggy fur 1, tough skin 2, missing a hand, hated by all,
inexperienced 1
}: 2/15 runes: decaying, serpentine
a: Draw Out Power, Power Leap, Apocalypse, Renounce Religion, Evoke Berserk Rage


You were on level 2 of the Vaults.
You worshipped Ru.
Ru was exalted by your worship.
You were very full.

You visited 6 branches of the dungeon, and saw 32 of its levels.

You collected 3182 gold pieces.
You spent 1493 gold pieces at shops.

Inventory:

Missiles
 n - 10 poisoned tomahawks
 s - 39 tomahawks
 v - 3 throwing nets
 O - 28 large rocks (quivered)
 S - 2 exploding tomahawks
 U - 10 tomahawks of returning
Armour
 d - the +0 mask of the Dragon (worn) {MR+ Slay+3 SInv}
   (You bought it in a shop on level 2 of the Orcish Mines)

   It affects your accuracy and damage with ranged weapons and melee attacks
   (+3).
   It affects your resistance to hostile enchantments.
   It lets you see invisible.
 H - a scarf of repulsion
 N - a +2 cloak (worn)
 R - +0 shadow dragon scales (worn)
 V - a scarf of resistance
Jewellery
 g - an uncursed ring of poison resistance
 r - an amulet of rage (around neck)
 u - an uncursed ring of protection from magic
 A - a +4 ring of evasion
 B - an uncursed ring of flight
 C - a ring of positive energy (right claw)
 G - an uncursed ring of protection from cold
 Y - an uncursed ring of protection from fire
Wands
 j - a wand of polymorph (27)
 p - a wand of acid (9)
 L - a wand of digging (19)
 M - a wand of random effects (54)
 P - a wand of flame (43)
 W - a wand of disintegration (8)
 Z - a wand of clouds (9)
Scrolls
 e - 8 scrolls of remove curse
 i - 10 scrolls of teleportation
 k - 6 scrolls of fog
 q - a scroll of blinking
 w - 2 scrolls of fear
 x - a scroll of enchant weapon
 y - 2 scrolls of magic mapping
 E - a scroll of silence
 F - a scroll of enchant armour
 X - 8 scrolls of identify
Potions
 a - a potion of ambrosia
 c - 2 potions of brilliance
 f - 7 potions of haste
 h - a potion of cancellation
 l - 3 potions of invisibility
 m - 16 potions of curing
 o - 6 potions of berserk rage
 t - 6 potions of mutation
 z - 5 potions of might
 D - 5 potions of agility
 I - 3 potions of resistance
 J - a potion of magic
 Q - 5 potions of heal wounds
 T - 8 potions of flight
Comestibles
 b - 47 rations


   Skills:
 * Level 17.3(17.1) Fighting
 + Level 13.4(13.2) Armour
 + Level 13.8(13.6) Dodging
 - Level 1.0(0.8) Stealth
 + Level 17.7(17.5) Unarmed Combat


You had 18 spell levels left.
You didn't know any spells.

Dungeon Overview and Level Annotations

Branches:
Dungeon (14/15)            Temple (0/1) D:5            Lair (6/6) D:8
  Swamp (4/4) Lair:3        Snake (4/4) Lair:4        Slime (0/5) Lair:5
    Orc (2/2) D:11            Elf (0/3) Orc:2        Vaults (2/5) D:14
  Crypt (0/3) Vaults:2

Altars:
Cheibriados
Dithmenos
Fedhas
Gozag
Hepliaklqana
Kikubaaqudgha
Nemelex Xobeh
Qazlal
Ru
Sif Muna
Trog
Uskayaw
Wu Jian
Xom
Yredelemnul
Zin
The Shining One
Beogh
Jiyva

Shops:
D:8 (   D:11 (   D:13 *   Orc:1 (   Orc:2 [[?*%   Snake:1 !   Snake:2 !
Vaults:1 =

Portals:
Trove: D:14 (give +3 storm dragon scales)

Annotations:
D:8 exclusion: downstairs
Lair:2 exclusions: downstairs and 6 lindwurms
Lair:4 exclusion: 3 oklob plants
Snake:2 Analysis's ghost, adept GrFi
Snake:3 exclusion: 2 downstairs


Innate Abilities, Weirdness & Mutations

You are too large for most types of armour.
You have claws for hands.
You are dopey. (Int -2)
Your metabolism is lightning-fast.
You like to eat raw meat.
Your natural rate of healing is unusually fast.
You are covered in fur. (AC +1)
You have very tough skin. (AC +2)
You are missing a hand.
You are hated by all.
You are somewhat inexperienced. (-2 XL)


Message History

The orb of energy explodes!
The deep elf knight points at you and mumbles some strange words.
The stone arrow hits you!
* * * LOW HITPOINT WARNING * * *
The deep elf knight is no longer moving quickly.
You see here a short sword.
The deep elf knight points at you and mumbles some strange words.
The orb of energy hits you!
* * * LOW HITPOINT WARNING * * *
You see here a short sword.
The deep elf knight begins to cast a spell, but is stunned by your will!
There is a large open door here.
The yaktaur shoots a bolt.
The bolt hits you!
* * * LOW HITPOINT WARNING * * *
You see here a bolt.
You close the large door.
A deep elf knight opens the large door.
The deep elf knight points at you and mumbles some strange words.
The stone arrow hits you!
You die...

#.......#.....#
#.....###.....#
#.c.....).....#
##''#[####'##'#####
#.e.[..# #.........
#..[...# #.........
#......# #.........
#......# #.........
#.@....# #.........
#.<....# #.........
##### #......#
#......... ....#
#......# ########'#
....# #......#
#...[.. ....#
#########'# #.#...#
....# #.........#
#...... ....#
#.........# #...#..
....# #...(.....#
#......


You could see a deep elf knight and a yaktaur.

Vanquished Creatures
  Saint Roka (Snake:4)
  The ghost of Dommiel19 the Impregnable, a veteran DDMo of Makhleb (Vaults:1)
  Vashnia (Snake:4)
  Nikola (Swamp:3)
  A tentacled monstrosity (Swamp:4)
  2 sphinxes
  Gastronok (D:12)
  A thorn hunter (Swamp:4)
  Agnes (Snake:1)
  Kirke (D:12)
  12 nagarajas
  Donald (Snake:1)
  Aizul (Snake:2)
  A vault warden (Vaults:1)
  2 ironheart preservers (Vaults:1)
  A stone giant (Vaults:2)
  2 very ugly things
  An eidolon (Vaults:2)
  A jiangshi (Vaults:2)
  Snorg (D:12)
  Josephine (Snake:1)
  Harold (D:12)
  A yaktaur captain (Vaults:2)
  A catoblepas (Lair:5)
  20 naga warriors
  A ghost crab (Swamp:3)
  15 hydras
  3 centaur warriors
  6 vault guards
  13 anacondas
  9 two-headed ogres
  3 ogre magi (Vaults:1)
  13 alligators
  8 death yaks
  6 orc high priests
  The ghost of cokecookie the Chopper, a novice HuWn of Yredelemnul (D:8)
  A spriggan berserker (Swamp:3)
  8 shock serpents
  2 tengu warriors (D:14)
  24 naga sharpshooters
  A deep elf knight (D:14)
  A vampire mage (Vaults:2)
  Sonja (D:10)
  3 salamander mystics (Snake:3)
  9 skeletal warriors
  3 unseen horrors
  3 deep trolls (Vaults:1)
  2 glowing orange brains (Vaults:1)
  10 swamp dragons
  The ghost of lis82 the Covert, a novice SpWz of Vehumet (D:9)
  3 shambling mangroves
  A wizard (D:14)
  A phantasmal warrior (Vaults:2)
  Pikel (D:4)
  11 orc knights
  12 naga ritualists
  A necromancer (Vaults:1)
  An orc sorcerer (Orc:2)
  11 salamanders
  11 mana vipers
  4 ironbrand convokers (Vaults:1)
  3 deep elf magi
  13 ugly things
  A wolf spider (Vaults:1)
  A tengu skeleton (Vaults:1)
  2 manticores
  A sphinx skeleton (Vaults:1)
  Maurice (Orc:2)
  3 cyclopes
  32 naga magi
  24 spiny frogs
  2 stone giant skeletons (Vaults:1)
  37 black mambas
  4 guardian serpents
  2 gargoyles
  7 vault sentinels
  3 yaktaurs
  2 rime drakes
  8 komodo dragons
  2 tengu conjurers (D:14)
  9 hornets
  7 trolls
  3 polar bears
  8 tyrant leeches
  Prince Ribbit (D:9)
  A wolf spider simulacrum (D:14)
  10 hippogriffs
  11 bog bodies
  33 slime creatures
  Sigmund (D:5)
  15 blink frogs
  The ghost of patthesweetcat the Firebug, an amateur OpFE of Sif Muna (D:4)
  A spriggan (Swamp:2)
  6 wraiths
  4 shadows
  2 basilisks
  A water elemental (D:11)
  58 yaks
  5 humans (D:12)
  6 wyverns
  Grum (D:10)
  33 vampire mosquitoes
  10 wargs
  13 insubstantial wisps
  14 swamp worms
  57 nagas
  9 water moccasins
  A floating eye (shapeshifter) (Vaults:1)
  7 porcupines
  50 orc warriors
  3 sky beasts
  13 swamp drakes
  A phantom (D:7)
  4 ice beasts
  An eye of draining (D:12)
  3 necrophages
  An ettin simulacrum (Vaults:1)
  3 boggarts (Vaults:1)
  7 centaurs
  2 black bears (D:13)
  16 ogres
  17 wolves
  A big kobold (D:12)
  16 crocodiles
  29 bullfrogs
  A water moccasin zombie (D:6)
  4 scorpions
  A water moccasin skeleton (D:6)
  5 killer bees (D:9)
  A wyvern skeleton (D:12)
  4 wights (D:10)
  An electric eel (D:11)
  8 crimson imps
  2 bullfrog zombies
  2 centaur zombies
  2 hounds
  6 jellies
  A quasit (D:6)
  4 bullfrog skeletons
  4 centaur skeletons
  An iron imp (D:8)
  34 orc wizards
  26 orc priests
  An iguana (D:12)
  6 worker ants
  A hound zombie (D:8)
  2 hound skeletons
  6 adders
  8 gnolls
  3 shadow imps
  12 white imps (Lair:3)
  An ooze (D:1)
  An adder zombie (D:9)
  An adder skeleton (D:10)
  2 worms (D:4)
  5 dart slugs
  5 leopard geckos
  132 orcs
  7 giant cockroaches
  5 hobgoblins
  6 jackals
  15 kobolds
  5 quokkas
  A ball python (D:3)
  A bat (D:2)
  4 frilled lizards
  11 goblins
  A leopard gecko zombie (D:8)
  2 quokka skeletons
  5 rats
1261 creatures vanquished.

Vanquished Creatures (others)
  A centaur warrior (D:13)
  An alligator (Swamp:1)
  A death yak (Lair:3)
  A two-headed ogre (Vaults:1)
  A naga sharpshooter (Snake:4)
  A spriggan berserker (Swamp:4)
  A slime creature (Swamp:2)
  A deep troll (Vaults:1)
  An unseen horror (D:8)
  A mana viper (Snake:1)
  A spiny frog (Swamp:2)
  A polar bear (Lair:5)
  A hornet (Swamp:4)
  A spriggan (Swamp:4)
  A human (D:12)
  An insubstantial wisp (Swamp:2)
  2 nagas
  2 porcupines
  An orc warrior (D:7)
  An ogre (Vaults:1)
  An adder (D:5)
  6 orcs
  A quokka (D:5)
  2 briar patches (Swamp:4)
  A bush (Lair:6)
  25 fungi
  63 plants
121 creatures vanquished.

Grand Total: 1382 creatures vanquished

Notes
Turn   | Place    | Note
-------+----------+-------------------------------------------
     0 | D:1      | Loge the Troll Monk began the quest for the Orb.
     0 | D:1      | Reached XP level 1. HP: 22/22 MP: 0/0
   234 | D:1      | Reached XP level 2. HP: 28/29 MP: 1/1
   750 | D:1      | Reached XP level 3. HP: 36/36 MP: 2/2
  1034 | D:2      | Found an ancient bone altar of Kikubaaqudgha.
  1041 | D:2      | Found a sparkling altar of Nemelex Xobeh.
  1162 | D:2      | Reached skill level 1 in Armour
  1348 | D:2      | Found a shimmering altar of Xom.
  1348 | D:2      | Found a deep blue altar of Sif Muna.
  1352 | D:2      | Found a hazy altar of Hepliaklqana.
  1353 | D:2      | Found a sacrificial altar of Ru.
  1355 | D:2      | Found a blossoming altar of Fedhas.
  1361 | D:2      | Became a worshipper of Ru the Awakened
  1392 | D:2      | Gained mutation: You are somewhat inexperienced. (-2 XL) [Ru sacrifice]
  1392 | D:2      | Reached XP level 2. HP: 29/29 MP: 1/1
  1392 | D:2      | Reached XP level 1. HP: 22/22 MP: 0/0
  1392 | D:2      | Reached * piety under Ru
  1392 | D:2      | Reached ** piety under Ru
  1409 | D:2      | Reached XP level 2. HP: 29/29 MP: 1/1
  1613 | D:3      | Found a shadowy altar of Dithmenos.
  2138 | D:4      | Found a bloodstained altar of Trog.
  2218 | D:4      | Noticed patthesweetcat's ghost (amateur OpFE)
  2226 | D:4      | Killed patthesweetcat's ghost
  2226 | D:4      | Reached XP level 3. HP: 35/37 MP: 2/2
  2226 | D:4      | Reached XP level 4. HP: 42/45 MP: 3/3
  2226 | D:4      | Reached XP level 5. HP: 50/53 MP: 4/4
  2659 | D:4      | Reached XP level 6. HP: 61/61 MP: 5/5
  2714 | D:4      | Reached skill level 5 in Unarmed Combat
  2936 | D:5      | Entered Level 5 of the Dungeon
  3071 | D:5      | Noticed Sigmund
  3071 | D:5      | Noticed a slave
  3074 | D:5      | Gained mutation: You are missing a hand. [Ru sacrifice]
  3074 | D:5      | Reached *** piety under Ru
  3074 | D:5      | Reached **** piety under Ru
  3074 | D:5      | Reached ***** piety under Ru
  3082 | D:5      | Reached XP level 7. HP: 63/68 MP: 6/6
  3086 | D:5      | Noticed Pikel
  3127 | D:4      | Killed Pikel
  3127 | D:4      | Reached XP level 8. HP: 32/78 MP: 7/7
  3221 | D:5      | Killed Sigmund
  3233 | D:5      | Found a staircase to the Ecumenical Temple.
  3480 | D:5      | Found a glowing golden altar of the Shining One.
  4000 | D:6      | Reached skill level 5 in Fighting
  4009 | D:6      | Reached skill level 5 in Dodging
  4056 | D:6      | Found an opulent altar of Gozag.
  4280 | D:6      | Reached XP level 9. HP: 66/88 MP: 8/8
  4295 | D:6      | Found a basalt altar of Yredelemnul.
  4297 | D:6      | Noticed a profane servitor
  4306 | D:6      | Found a glowing golden altar of the Shining One.
  4733 | D:6      | Noticed an angel
  4871 | D:7      | Gained mutation: You are dopey. (Int -2) [Ru sacrifice]
  5072 | D:7      | Found an ornate altar of the Wu Jian Council.
  5489 | D:8      | Noticed cokecookie's ghost (novice HuWn)
  5542 | D:8      | Killed cokecookie's ghost
  5542 | D:8      | Reached skill level 5 in Armour
  5757 | D:8      | Found Caovui's Antique Weapon Shoppe.
  5884 | D:8      | Found a glowing silver altar of Zin.
  5890 | D:8      | Reached XP level 10. HP: 83/98 MP: 9/9
  6567 | D:8      | Noticed an unseen horror
  6726 | D:8      | Found a snail-covered altar of Cheibriados.
  7032 | D:8      | Killed an unseen horror
  7032 | D:8      | Reached skill level 10 in Unarmed Combat
  7210 | D:8      | Found a staircase to the Lair.
  7255 | Lair:1   | Entered Level 1 of the Lair of Beasts
  7814 | Lair:1   | Noticed a black mamba
  7818 | Lair:1   | Noticed a spiny frog
  7824 | Lair:1   | Killed a black mamba
  7829 | Lair:1   | Killed a spiny frog
  7932 | Lair:1   | Gained mutation: You are hated by all. [Ru sacrifice]
  7932 | Lair:1   | Reached ****** piety under Ru
  8131 | Lair:1   | Reached XP level 11. HP: 94/109 MP: 10/10
  8769 | Lair:2   | Found a hide-covered altar of Uskayaw.
  8910 | Lair:2   | Noticed a lindwurm
  9472 | Lair:2   | Noticed a lindwurm
  9520 | Lair:2   | Noticed a lindwurm
  9631 | Lair:3   | Noticed a death yak
  9631 | Lair:3   | Noticed a death yak
  9633 | Lair:3   | Noticed a death yak
  9635 | Lair:3   | Noticed a death yak
  9639 | Lair:3   | Noticed a death yak
  9645 | Lair:3   | Killed a death yak
  9649 | Lair:3   | Killed a death yak
  9812 | Lair:3   | Found a staircase to the Swamp.
  9836 | Lair:3   | Killed a death yak
  9845 | Lair:3   | Killed a death yak
 10008 | Lair:3   | Killed a death yak
 10305 | Lair:3   | Found a frozen archway.
 10519 | Lair:3   | Reached XP level 12. HP: 97/119 MP: 11/11
 12079 | Lair:4   | Noticed a five-headed hydra
 12109 | Lair:4   | Killed an 11-headed hydra
 12324 | Lair:4   | Found a staircase to the Snake Pit.
 12897 | Lair:5   | Found a viscous altar of Jiyva.
 12897 | Lair:5   | Found a staircase to the Slime Pits.
 13408 | Lair:5   | Noticed a seven-headed hydra
 13638 | Lair:5   | Killed a ten-headed hydra
 14153 | Lair:6   | Entered Level 6 of the Lair of Beasts
 14153 | Lair:6   | Noticed a death yak
 14153 | Lair:6   | Noticed a death yak
 14153 | Lair:6   | Noticed a death yak
 14153 | Lair:6   | Noticed a death yak
 14164 | Lair:5   | Killed a death yak
 14387 | Lair:5   | Killed a death yak
 14387 | Lair:5   | Reached XP level 13. HP: 112/132 MP: 12/12
 14631 | Lair:6   | Reached skill level 10 in Fighting
 16812 | D:9      | Noticed Prince Ribbit
 16820 | D:9      | Killed Prince Ribbit
 16846 | D:9      | Found a stormy altar of Qazlal.
 17331 | D:9      | Noticed lis82's ghost (novice SpWz)
 17350 | D:9      | Killed lis82's ghost
 17645 | D:10     | Entered Level 10 of the Dungeon
 17792 | D:10     | Noticed Sonja
 17810 | D:10     | Killed Sonja
 18158 | D:10     | Noticed Grum
 18162 | D:10     | Killed Grum
 18222 | D:11     | Reached XP level 14. HP: 146/146 MP: 13/13
 18277 | D:11     | Found a staircase to the Orcish Mines.
 18287 | D:11     | Found a roughly hewn altar of Beogh.
 18360 | D:11     | Found Reakukhliown's Antique Weapon Shoppe.
 18848 | Orc:1    | Entered Level 1 of the Orcish Mines
 19142 | Orc:2    | Entered Level 2 of the Orcish Mines
 19394 | Orc:2    | Found Diulip's Food Shoppe.
 19511 | Orc:2    | Noticed Maurice
 19550 | Orc:2    | Found a staircase to the Elven Halls.
 19578 | Orc:2    | Killed Maurice
 19867 | Orc:2    | Reached skill level 10 in Dodging
 21443 | Orc:2    | Found Paloozok's Antique Armour Boutique.
 21444 | Orc:2    | Found Zituotuc's General Store.
 21444 | Orc:2    | Found Ysholays's Magic Scroll Shop.
 21445 | Orc:2    | Found Plog's Armour Boutique.
 21452 | Orc:2    | Bought a potion of heal wounds for 90 gold pieces
 21460 | Orc:2    | Bought a scroll of identify for 28 gold pieces
 21460 | Orc:2    | Bought a scroll of identify for 28 gold pieces
 21460 | Orc:2    | Bought a scroll of identify for 28 gold pieces
 21572 | Orc:2    | Bought the +0 mask of the Dragon {MR+ Slay+3 SInv} for 935 gold pieces
 21572 | Orc:2    | Found the +0 mask of the Dragon {MR+ Slay+3 SInv}
 22164 | Orc:1    | Found Irghogg's Weapon Boutique.
 22655 | D:12     | Noticed Harold
 22671 | D:12     | Killed Harold
 22760 | D:12     | Noticed Gastronok
 23059 | D:12     | Noticed Snorg
 23081 | D:12     | Killed Snorg
 23305 | D:12     | Identified a scroll of acquirement
 23465 | D:12     | Killed Gastronok
 23465 | D:12     | Reached skill level 10 in Armour
 23585 | D:12     | Noticed Kirke
 23595 | D:12     | Killed Kirke
 24082 | D:13     | Reached XP level 15. HP: 126/158 MP: 14/14
 24703 | D:13     | Found Bir Qugh's General Store.
 24897 | D:14     | Found a portal to a secret trove of treasure.
 25032 | D:14     | Reached skill level 15 in Unarmed Combat
 26150 | D:14     | Found a gate to the Vaults.
 26490 | Swamp:1  | Entered Level 1 of the Swamp
 28353 | Swamp:2  | Paralysed by a hornet for 2 turns
 28933 | Swamp:3  | Reached XP level 16. HP: 171/171 MP: 15/15
 29662 | Swamp:3  | Noticed Nikola
 30350 | Swamp:4  | Entered Level 4 of the Swamp
 30481 | Swamp:4  | Noticed a tentacled monstrosity
 30492 | Swamp:4  | Noticed a thorn hunter
 30950 | Swamp:4  | Killed a tentacled monstrosity
 31645 | Swamp:4  | Killed a thorn hunter
 32215 | Swamp:4  | Got a decaying rune of Zot
 32468 | Swamp:3  | Killed Nikola
 32838 | Vaults:1 | Entered Level 1 of the Vaults
 33016 | Vaults:1 | Found Huotiod's Jewellery Emporium.
 33801 | Vaults:1 | Reached XP level 17. HP: 182/182 MP: 16/16
 33918 | Vaults:1 | Reached skill level 15 in Fighting
 34077 | Vaults:1 | Paralysed by a floating eye for 2 turns
 34087 | Vaults:1 | Paralysed by a floating eye for 2 turns
 34687 | Vaults:1 | Noticed Dommiel19's ghost (veteran DDMo)
 35054 | Snake:1  | Entered Level 1 of the Snake Pit
 35182 | Snake:1  | Noticed Josephine
 35205 | Snake:1  | Killed Josephine
 36073 | Snake:1  | Noticed Agnes
 36081 | Snake:1  | Killed Agnes
 36462 | Snake:1  | Found Sittigu's Distillery.
 36478 | Snake:1  | Bought a potion of heal wounds for 70 gold pieces
 36478 | Snake:1  | Bought a potion of heal wounds for 70 gold pieces
 36478 | Snake:1  | Bought a potion of haste for 140 gold pieces
 37310 | Snake:2  | Noticed Donald
 37331 | Snake:1  | Killed Donald
 37722 | Snake:2  | Noticed Analysis's ghost (adept GrFi)
 37788 | Snake:2  | Identified the Guide on Flames and Sinister Arts
 37829 | Snake:2  | Found Owuakh's Distillery.
 37842 | Snake:2  | Noticed Aizul
 37856 | Snake:2  | Killed Aizul
 38360 | Snake:2  | Bought a potion of cancellation for 104 gold pieces
 38876 | Snake:3  | Reached XP level 18. HP: 181/196 MP: 17/17
 40920 | Snake:4  | Entered Level 4 of the Snake Pit
 41511 | Snake:4  | Noticed Vashnia
 41522 | Snake:4  | Killed Vashnia
 41786 | Snake:4  | Noticed Saint Roka
 42268 | Snake:4  | Killed Saint Roka
 44643 | Snake:4  | Reached XP level 19. HP: 206/206 MP: 18/18
 45343 | Snake:4  | Got a serpentine rune of Zot
 45969 | Vaults:1 | Killed Dommiel19's ghost
 47020 | Vaults:2 | Found a staircase to the Crypt.
 47352 | Vaults:2 | Killed from afar by a deep elf knight

Skill      XL: |  1  2  3  4  5  6  7  8  9 10 11 12 13 14 15 16 17 18 19 |
---------------+----------------------------------------------------------+-----
Armour         | 1 2 3 4 5 7 8 9 10 11 12 13 | 13.4
Fighting       | 3 4 5 6 7 8 9 11 12 13 14 15 16 17 | 17.3
Dodging        | 3 4 5 6 7 8 9 10 11 12 13 | 13.8
Unarmed Combat | 4 5 6 8 9 11 12 13 14 15 16 17 | 17.7
Stealth        | |  1.0

Action                   |  1- 3 |  4- 6 |  7- 9 | 10-12 | 13-15 | 16-18 | 19-21 || total
-------------------------+-------+-------+-------+-------+-------+-------+-------++-------
Melee: Unarmed           |   138 |    93 |   250 |   587 |  1742 |  1653 |   268 ||  4731
       Punch             |     5 |     4 |       |       |       |       |       ||     9
Throw: Stone             |       |       |     2 |    15 |    45 |     6 |       ||    68
       Large rock        |       |       |       |     5 |    15 |    34 |    12 ||    66
Invok: Sacrifice Experie |     1 |       |       |       |       |       |       ||     1
       Sacrifice a Hand  |       |     1 |       |       |       |       |       ||     1
       Power Leap        |       |       |     3 |     8 |    14 |     7 |       ||    32
       Sacrifice Purity  |       |       |     1 |       |       |       |       ||     1
       Sacrifice Love    |       |       |       |     1 |       |       |       ||     1
 Abil: Evoke Berserk Rag |       |       |       |     1 |     1 |     2 |     1 ||     5
Evoke: Wand              |       |       |       |       |     5 |    24 |     1 ||    30
  Use: Scroll            |       |       |     3 |     9 |    16 |    10 |     1 ||    39
       Potion            |       |       |       |       |     1 |       |       ||     1
 Stab: Sleeping          |     3 |     1 |     4 |     5 |    11 |    13 |       ||    37
       Invisible         |     1 |       |     3 |    10 |    27 |    38 |     4 ||    83
       Paralysed         |       |       |     2 |    12 |    15 |    19 |     9 ||    57
       Distracted        |       |       |     2 |     5 |    11 |    12 |     2 ||    32
  Eat: Chunk             |    26 |     8 |    24 |    79 |   125 |   112 |    15 ||   389
       Ration            |       |       |       |       |     1 |    11 |     4 ||    16
Armor: Robe              |    42 |    23 |    45 |    12 |       |       |       ||   122
       Steam dragon scal |       |       |       |    61 |       |       |       ||    61
       Shadow dragon sca |       |       |       |    71 |   598 |   584 |    64 ||  1317
       Swamp dragon scal |       |       |       |       |       |    86 |       ||    86
Dodge: Dodged            |    63 |    52 |    99 |   270 |   785 |   912 |   104 ||  2285
       Deflected         |       |       |     1 |    11 |    14 |       |       ||    26
